Cogmind - Beta 13 @@@ ROGUE MODE // 2024.04.02 @ 17:23:40 Player: Mr.Morel Result: Destroyed by G-34 Mercenary with Small Laser Performance ------------- Evolutions (1) 500 Regions Visited (2) 400 Robots Destroyed (15) 75 Value Destroyed (343) 343 Prototype IDs (0) 0 Alien Tech Used (0) 0 Bonus (0) 0 TOTAL SCORE: 1318 Bonus ------- None Cogmind --------- Core Integrity 0/400 Matter 274/300 Energy 99/100 System Corruption 0% Temperature Cool (6) Movement Core (150) Ox2 Location -9/Materials Parts ------- > --- POWER (1) -------- (None) > --- PROPULSION (3) --- (None) > --- UTILITY (2) ------ Small Storage Unit > --- WEAPON (3) ------- Mining Claw > --- INVENTORY (8) ---- Beam Cannon Heavy Assault Rifle Heavy Assault Rifle Grenade Launcher Peak State ------------ > --- POWER ------------ Light Ion Engine > --- PROPULSION ------- Hover Unit Hover Unit Hover Unit > --- UTILITY ---------- Small Storage Unit Hardened Light Armor Plating > --- WEAPON ----------- Heavy Assault Rifle Mining Claw Mining Claw > --- INVENTORY -------- Ion Engine Hover Unit Beam Cannon Light Assault Rifle Grenade Launcher [Rating: 11] Favorites ----------- Power Light Ion Engine Engine Light Ion Engine Propulsion Hover Unit Wheel Compact Wheel Hover Unit Hover Unit Flight Unit Flight Unit Utility Small Storage Unit Storage Small Storage Unit Protection Hardened Light Armor Plating Weapon Mining Claw Energy Gun Medium Laser Energy Cannon Beam Cannon Ballistic Gun Light Assault Rifle Slashing Weapon Mining Claw Build | -11 -10 -9 ------- Run | Yrd Mat Mat Slots Evolved 2 | . . 2 Power . | . . . Propulsion 1 | . . 1 Utility . | . . . Weapon 1 | . . 1 Parts Attached 33 | 6 17 10 Power 5 | 1 3 1 Engine 5 | 1 3 1 Core . | . . . Reactor . | . . . Propulsion 9 | 2 4 3 Treads . | . . . Leg . | . . . Wheel 2 | 2 . . Hover 5 | . 2 3 Flight 2 | . 2 . Utility 6 | 1 4 1 Device . | . . . Storage 5 | 1 4 . Processor . | . . . Hackware . | . . . Protection 1 | . . 1 Artifact . | . . . Weapon 13 | 2 6 5 Energy Gun 4 | 2 2 . Energy Cannon 2 | . 2 . Ballistic Gun 5 | . 1 4 Ballistic Cannon . | . . . Launcher . | . . . Special Weapon . | . . . Impact Weapon . | . . . Slashing Weapon 2 | . 1 1 Piercing Weapon . | . . . Special Melee Weapon . | . . . Unidentified Prototypes . | . . . Corrupted Parts 1 | . 1 . System Corruption 1 | . 1 . Parts Lost 11 | . 2 9 Power 2 | . . 2 Propulsion 5 | . 1 4 Utility 1 | . . 1 Weapon 3 | . 1 2 Highest Loss Streak 9 | . 1 9 To Critical Strikes . | . . . Average Slot Usage (%) 77 | . 77 79 Engine 13 | . 14 8 Wheel 8 | . 10 . Hover 13 | . 12 23 Storage 11 | . 11 11 Protection 1 | . . 7 Energy Gun 12 | . 14 . Energy Cannon 1 | . 1 . Ballistic Gun 6 | . 5 7 Slashing Weapon 7 | . 5 20 Naked Turns . | . . . Heaviest Build 28 | 12 28 18 Greatest Support 26 | 26 26 18 Greatest Overweight (x) 4 | . 1 4 Average Overweight (x) . | . . . Largest Inventory Capacity 15 | 8 15 8 Average Capacity 8 | 6 9 8 Most Carried 8 | 3 8 7 Average Carried 3 | . 3 5 Final Capacity 8 | 8 8 8 Final Carried 6 | . 6 4 Class Distribution -------------------- 100% | Mutant Dominant Class ---------------- Mutant | -10/Materials Mutant | -9/Materials Resources | -11 -10 -9 ----------- Run | Yrd Mat Mat Matter Collected 475 | 199 185 91 Remotely . | . . . Salvage Created 448 | . 287 161 Parts 31 | . 19 12 Haulers Intercepted . | . . . Recyclers Shooed . | . . . Parts Field Recycled . | . . . Retrieved Matter . | . . . Parts Self-Destructed . | . . . Prevented . | . . . Kills | -11 -10 -9 ------- Run | Yrd Mat Mat Combat Hostiles Destroyed 13 | . 8 5 Melee 4 | . 1 3 Guns 8 | . 6 2 Classes Destroyed 5 | . 4 1 Operator 1 | . 1 . Watcher 1 | . 1 . Swarmer 7 | . 4 3 Grunt 5 | . 4 1 Sentry 1 | . . 1 Best Kill Streak 4 | . 2 4 Combat Bots Only 4 | . 2 4 Max Kills in Single Turn 1 | . 1 1 Gunslinging . | . . . Exploded . | . . . Melee 1 | . 1 1 Uniques/NPCs Destroyed . | . . . Combat | -11 -10 -9 -------- Run | Yrd Mat Mat Hostile Shots Fired 186 | . 66 120 Missed 53 | . 18 35 Damage Taken 1546 | . 563 983 Core 566 | . 165 401 Absorbed by Shields . | . . . Core Remaining (%) 67 | 100 34 . Volleys Fired 50 | . 40 10 Largest 2 | . 2 1 Hottest 115 | . 115 20 Shots Fired 70 | . 60 10 Gun 66 | . 56 10 Cannon 4 | . 4 . Launcher . | . . . Special . | . . . Kinetic 25 | . 15 10 Thermal 40 | . 40 . Explosive . | . . . Electromagnetic 5 | . 5 . Robot Hit Streak 8 | . 8 7 Robot Miss Streak 4 | . 4 1 Penetration Max . | . . . Secondary Targets 1 | . 1 . Max Gunslinging Chain 1 | . 1 . Shots Hit Robots 52 | . 33 19 Core Hits 23 | . 17 6 Critical Kills . | . . . Critical Parts Destroyed . | . . . Critical Strikes 6 | . 6 . Burn 6 | . 6 . Melee Attacks 19 | . 2 17 Impact . | . . . Slashing 19 | . 2 17 Piercing . | . . . Sneak Attacks . | . . . Combat Hostiles . | . . . Follow-up Attacks 2 | . . 2 Damage Inflicted 780 | . 454 326 Guns 428 | . 364 64 Cannons 35 | . 35 . Explosions . | . . . Melee 311 | . 49 262 Ramming 6 | . 6 . Kinetic 125 | . 61 64 Thermal 311 | . 311 . Explosive . | . . . Electromagnetic 27 | . 27 . Impact . | . . . Slashing 311 | . 49 262 Piercing . | . . . Highest Corruption 1 | . 1 . Average Corruption 1 | . 1 . Corruption Purged . | . . . Corruption Blocked . | . . . Effects 6 | . 6 . Message Errors 2 | . 2 . Matter Fused 1 | . 1 . Heat Flow Errors 1 | . 1 . Energy Discharges 1 | . 1 . Data Loss (minor) 1 | . 1 . Overload Shots . | . . . Overflow Damage . | . . . Projectiles . | . . . Explosions . | . . . Melee . | . . . Knockbacks . | . . . Impact . | . . . Kinetic . | . . . Secondary . | . . . Self-Inflicted Damage 2 | . 2 . Shots . | . . . Rammed 2 | . 2 . Targets Rammed 2 | . 2 . Kicked . | . . . Crushed . | . . . Highest Temperature 336 | . 336 19 Average Temperature 98 | . 106 6 Received Heat Transfer 537 | . 159 378 Siege Activations . | . . . Robots Corrupted . | . . . Combat Hostiles . | . . . Parts Fried . | . . . Impact Corruptions . | . . . Robots Melted 1 | . 1 . Combat Hostiles 1 | . 1 . Parts Melted 2 | . 2 . Heat Transferred 1295 | . 1295 . Parts Sabotaged . | . . . Parts Stolen . | . . . Parts Stripped . | . . . Power Chain Reactions . | . . . Alert | -11 -10 -9 ------- Run | Yrd Mat Mat Peak Influence 183 | . 183 126 Initial 36 | . . 36 Average 76 | . 81 67 Maximum Alert Level . | . . . Low Security (%) 100 | 100 100 100 Level 1 . | . . . Level 2 . | . . . Level 3 . | . . . Level 4 . | . . . Level 5 . | . . . High Security . | . . . Max Security . | . . . Squads Dispatched 2 | . 2 . Investigation . | . . . Extermination . | . . . Reinforcement 2 | . 2 . Assault . | . . . Garrison . | . . . Intercept . | . . . Searches Triggered . | . . . Construction Impeded . | . . . Haulers Reinforced . | . . . Active Scanning Responses . | . . . Cargo Convoy Interrupts . | . . . Stealth | -11 -10 -9 --------- Run | Yrd Mat Mat Distress Signals 3 | . 2 1 Communications Jammed . | . . . Distress Signals . | . . . Times Spotted 34 | . 25 9 Peak Tracking Total 8 | . 5 8 Tactical Retreats 2 | . 2 . Traps | -11 -10 -9 ------- Run | Yrd Mat Mat Traps Triggered . | . . . Indirectly . | . . . Trap Hack Attempts . | . . . Triggered . | . . . Disarmed . | . . . Reprogrammed . | . . . Reused . | . . . Traps Extracted . | . . . Installed . | . . . Triggered . | . . . Machines | -11 -10 -9 ---------- Run | Yrd Mat Mat Machines Disabled . | . . . Max in Single Turn . | . . . Machines Repaired . | . . . Machines Dismantled . | . . . Machines Sabotaged . | . . . Overloaded Fab Kills . | . . . Hacking | -11 -10 -9 --------- Run | Yrd Mat Mat Machines Accessed 4 | . 3 1 Terminals 4 | . 3 1 Fabricators . | . . . Repair Stations . | . . . Recycling Units . | . . . Scanalyzers . | . . . Garrison Access . | . . . Total Hacks 11 | . 7 4 Successful 6 | . 6 . Failed 5 | . 1 4 Catastrophic . | . . . Database Lockouts . | . . . Manual . | . . . Terminals 11 | . 7 4 Fabricators . | . . . Repair Stations . | . . . Recycling Units . | . . . Scanalyzers . | . . . Garrison Access . | . . . Terminal Hacks 6 | . 6 . Emergency Access Points 1 | . 1 . Dispatch Records 1 | . 1 . Maintenance Status 1 | . 1 . Transport Status 1 | . 1 . Hauler Manifests 1 | . 1 . Registered Components 1 | . 1 . Fabricator Hacks . | . . . Repair Station Hacks . | . . . Recycling Unit Hacks . | . . . Scanalyzer . | . . . Garrison Access Hacks . | . . . Unauthorized Hacks . | . . . Terminals . | . . . Fabricators . | . . . Repair Stations . | . . . Recycling Units . | . . . Scanalyzers . | . . . Garrison Access . | . . . Data Cores Recovered 1 | . 1 . Used . | . . . Hacking Detections 3 | . 2 1 Full Trace Events 1 | . 1 . Feedback Events . | . . . Feedback Blocked . | . . . Robot Schematics Acquired . | . . . Robots Built . | . . . Authchips . | . . . Time . | . . . Total Robot Build Rating . | . . . Part Schematics Acquired . | . . . Parts Built . | . . . Authchips . | . . . Time . | . . . Total Part Build Rating . | . . . Parts Repaired . | . . . Time . | . . . Parts Recycled . | . . . Recycled Matter . | . . . Retrieved Matter . | . . . Retrieved Components . | . . . Parts Scanalyzed . | . . . Part Schematics Acquired . | . . . Parts Damaged . | . . . Bothacking | -11 -10 -9 ------------ Run | Yrd Mat Mat Used RIF Installer . | . . . Robots Hacked . | . . . Non-combat . | . . . Combat . | . . . Robot Hacks Applied . | . . . Relay Couplers Released . | . . . Fabnet Peak Effective % . | . . . Robots Rewired . | . . . Allies Hacked . | . . . Hacks Repelled . | . . . Allies | -11 -10 -9 -------- Run | Yrd Mat Mat Total Allies . | . . . Largest Group . | . . . Highest-Rated Group . | . . . Highest-Rated Ally . | . . . Total Orders . | . . . Ally Attacks . | . . . Total Damage . | . . . Kills . | . . . Allies Corrupted . | . . . Allies Melted . | . . . Intel | -11 -10 -9 ------- Run | Yrd Mat Mat Robot Analysis Total . | . . . Derelict Logs Recovered . | . . . Drone Launches . | . . . Drone Recoveries . | . . . Exploration | -11 -10 -9 ------------- Run | Yrd Mat Mat Turns Passed 1179 | 47 964 168 Spaces Moved 1264 | 42 1062 160 Core 9 | 6 . 3 Treads . | . . . Legs . | . . . Wheels 473 | 36 437 . Hover 767 | . 610 157 Flight 15 | . 15 . Fastest Speed 37 | 50 37 52 Average Speed 74 | 84 76 56 Slowest Speed 250 | 90 116 250 Overloaded Moves . | . . . Propulsion Burnouts . | . . . Robots Hopped . | . . . Cave-ins Triggered . | . . . Exploration Rate (%) 31 | 3 79 11 Regions Visited 2 Branch Regions . Pre-discovered Areas . | . . . Known Exits Taken . | . . . Unknown Exits Taken 2 | 1 1 . Scrap Searched . | . . . Spaces Dug . | . . . Terrain Destroyed . | . . . Melee . | . . . Projectile . | . . . AOE . | . . . Terrain Rammed . | . . . Walls Destroyed . | . . . Machines Disabled . | . . . Actions | -11 -10 -9 --------- Run | Yrd Mat Mat Total 1408 | 53 1156 199 Wait . | . . . Move 1262 | 41 1061 160 Hop . | . . . Pick Up 29 | 6 19 4 Fast Attach . | . . . Attach 21 | 6 10 5 Detach 4 | . 4 . Swap 12 | . 7 5 Drop 12 | . 11 1 Fire 50 | . 40 10 Melee 16 | . 2 14 Ram 2 | . 2 . Kick . | . . . Crush . | . . . Escape Stasis . | . . . Rewire . | . . . Trap . | . . . Miscellaneous . | . . . Route ------- -11/Scrapyard -10/Materials (discovered 2 exits: *Mat x2) -9/Materials History --------- Turn | Location | Event 7 | -11/Scrapyard | Discovered new exit (range 15) 48 | -11/Scrapyard | Entered Materials 300 | -10/Materials | Build established: Mutant 491 | -10/Materials | Discovered new exit (range 11) 564 | -10/Materials | Core integrity fell below 50% 896 | -10/Materials | Discovered new exit (range 10) 1012 | -10/Materials | Entered another Materials area 1012 | -9/Materials | Evolved 2 slots: Propulsion x1, Weapon x1 1159 | -9/Materials | Core integrity fell below 50% 1174 | -9/Materials | Core integrity fell below 20% 1180 | -9/Materials | Destroyed by G-34 Mercenary with Small Laser Last Messages --------------- K-01 Serf collects debris. R-06 Scavenger collects Flight Unit. Critical hit (Burn: +37). Mining Claw follow-up attack on G-47 Trooper. K-01 Serf collects debris. Hrd. Light Armor Plating destroyed. K-01 Serf collects debris. R-06 Scavenger collects Lgt. Assault Rifle. K-01 Serf collects debris. R-06 Scavenger collects Lgt. Assault Rifle. K-01 Serf collects debris. Mining Claw destroyed. K-01 Serf collects debris. R-06 Scavenger collects Flight Unit. K-01 Serf collects debris. Ion Engine destroyed. K-01 Serf collects debris. G-47 Trooper destroyed. Critical hit (Burn: +37). Acquired 56 matter. Map ----- +----------------------------------------------------+ | ?????????????????????????????????????????????????? | | ?????????????????????????????????????????????????? | | ?????????????????????????????????????????????????? | | ?????????????????????????????????????????????????? | | ?????????????????????????????????????????????????? | | ???????????????????????????????????? ??????????? | | ???????????????????????????????????? #?????????? | | ???????????????????????????????????? #?????????? | | ???????????????????????????????????? ##????????? | | ???????????????????????????????????? ?????????? | | ???????????????????????????????????? ?????????? | | ???????????????????????????????????? ?????????? | | ?????????????????????# ??????????# #?????????? | | ?????????????????????# ??????????# #?????????? | | ?????????????????????# ??????????# #?????????? | | ?????????????????????# ??????????# #?????????? | | ?????????????????????# ??????????# #?????????? | | ?????????????????????# ??????????# #?????????? | | ?????????????????????# ??????????# #?????????? | | ?????????????????????# #?????????# #?????????? | | ?????????????????????# #?????????# #?????????? | | ?????????????????????# +?????????# #?????????? | | ???????????########### #?????????# #?????????? | | ?????????? k #?????????# ###???????? | | ?????????????? g ########### #???????? | | ?????????????????????# *@== #???????? | | ?????????????????????# k[%%=Y T =#???????? | | ?????????????????????# **! #???????? | | ????????????????????## !######### #???????? | | ????????????????????# =#???????## ##???????? | | ????????????????????#!!==!!#????????# ########## | | ????????????????????#!!==!!#????????# | | ????????????????????########????????# | | ????????????????????????????????????# | | ??????????????#################?????# ########## | | ??????????????# # ####### #????????? | | ??????????????#! T # #????????? | | ??????????????# + ########## | | ??????????????# ]= # # | | ??????????????+ ][ # ####### + """ """ | | ??????????????# ###+######### # """ """ | | ??????????????# # ## # """ """ | | ??????????????# # """"""" ## # | | ??????????????# ######### """"""" ###### | | ??????????????#?????????# """"""" #????# | | ????????????????????????# """"""" #????# ! | | ????????????????????????# """"""" #????########## | | ????????????????????????# #?????????????? | | ????????????????????????############?????????????? | | | +----------------------------------------------------+ Best States ------------- Heat Dissipation 28 Energy Generation 10 Energy Capacity 250 Matter Stores 300 Matter Capacity 300 Sight Range 16 Terrain Scan Density 10 Armor Coverage 150 Evasion (%) 62 Item Schematics ----------------- None Robot Schematics ------------------ None Fabricated ------------ Nothing Alien Tech Used ----------------- None Achievements -------------- None Challenges ------------ None Game ------ Seed BiometalGuidedTreads Manual? 0 Play Time 00:21:25 Cumulative 3.8 hours Start 2024.04.02 @ 17:02:15 End 2024.04.02 @ 17:23:40 Sessions 1 Manual Loads 0 Difficulty Rogue Special Mode None Game No. 4 Rogue 4 Adventurer 0 Explorer 0 Win Type - Total 0 Types 0/0/0/0/0/0/0/0/0 Lore% 1 Gallery% 9 Achievement% 7 Wizard Run 0 Options --------- Layout 1 ASCII 0 Keyboard 0 Movement Arrows Keybinds 0 Fullscreen 1 Font 24/Smallcaps Map View 50x35 Zoom Use 0% Tactical HUD 0 Map Filters NONE Filters NONE Steam 1 RUN: 71e0e9b4-d975-4253-86a2-cf0ca9d9601e